 Dungeon Crawl Stone Soup version 0.27-a0-1431-gcffa5a9b16 (webtiles) character file.

Game seed: 2216598523096212191

50 juan097 the Conjurer (level 3, 0/24 HPs)
             Began as a Vine Stalker Conjurer on July 3, 2021.
             Succumbed to Robin's poison
             ... on level 2 of the Dungeon.
             The game lasted 00:03:57 (1451 turns).

juan097 the Conjurer (Vine Stalker Conjurer)        Turns: 1451, Time: 00:03:58

Health: 0/24       AC:  2    Str: 10    XL:     3   Next: 79%
Magic:  0/8        EV: 12    Int: 18    God:
Gold:   19         SH:  0    Dex: 12    Spells: 5/8 levels left

rFire    . . .     SeeInvis .   a - +0 dagger
rCold    . . .     Faith    .   (no shield)
rNeg     . . .     Spirit   +   k - +0 robe
rPois    .         Reflect  .   (no helmet)
rElec    .         Harm     .   (no cloak)
rCorr    .         Rampage  .   (no gloves)
Will     .....                  (no boots)
Stlth    ..........             (no amulet)
HPRegen  0.08/turn              (no ring)
MPRegen  0.11/turn              (no ring)

@: berserking, lethally poisoned (0 -> -3), very quick
A: fangs 2, magic shield, antimagic bite, no potion heal 2
a: no special abilities


You were on level 2 of the Dungeon.
You visited 1 branch of the dungeon, and saw 2 of its levels.

You collected 19 gold pieces.

Inventory:

Hand Weapons
 a - a +0 dagger (weapon)
 b - a +0 hunting sling
Missiles
 c - 60 stones
 e - 33 poisoned darts
 h - 18 arrows
 j - 8 datura-tipped darts
Armour
 k - a +0 robe (worn)
Jewellery
 g - a ring of fire
Scrolls
 i - 2 scrolls of identify {unknown}
Potions
 f - a potion of flight {unknown}


   Skills:
 - Level 1.5 Dodging
 - Level 2.4 Stealth
 + Level 3.2 Spellcasting
 + Level 4.7 Conjurations


You had 5 spell levels left.
You knew the following spells:

 Your Spells              Type           Power      Damage    Failure   Level
a - Magic Dart            Conj           76%        1d6       2%          1
b - Searing Ray           Conj           38%        3d4       3%          2

Your spell library contained the following spells:

 Spells                   Type           Power      Damage    Failure   Level
 Dazzling Flash           Conj/Hex       22%        N/A       19%         3
 Gell's Gravitas          Tloc           1%         N/A       43%         3
 Lesser Beckoning         Tloc           1%         N/A       43%         3
 Teleport Other           Tloc           2%         N/A       43%         3
 Fulminant Prism          Conj/Hex       5%         3d7       52%         4
 Iskenderun's Mystic Bla  Conj/Tloc      11%        2d4       52%         4


Dungeon Overview and Level Annotations

Branches:
Dungeon (2/15)

Altars:


Innate Abilities, Weirdness & Mutations

You have extremely sharp teeth.
When hurt, damage is shared between your health and your magic reserves.
Your bite disrupts and absorbs the magic of your enemies.
Potions cannot restore your health.


Message History

(Press . to maintain the ray.)
The searing ray hits Robin.
Robin is moderately wounded.
Without enough magic to sustain it, your searing ray dissipates.
Robin completely misses you.
Robin flexes a bicep menacingly.
You hit Robin but do no damage. Your bite misses Robin.
Robin is moderately wounded.
Robin barely misses you.
Your magical contamination has completely faded away.
You barely miss Robin. Your bite misses Robin.
Robin is moderately wounded.
Robin hits you with a +2 whip of venom!
Ouch! That really hurt!
You are lethally poisoned!
You feel very sick.
* * * LOW HITPOINT WARNING * * *
You feel sick.
It was a potion of berserk rage.
A red film seems to cover your vision as you go berserk!
You feel yourself moving faster!
You feel mighty!
* * * LOW HITPOINT WARNING * * *
You feel sick. Robin misses you.
You hit Robin.
Robin is severely wounded.
* * * LOW HITPOINT WARNING * * *
You feel sick. Robin barely misses you.
You puncture Robin!
You kill Robin!
* * * LOW HITPOINT WARNING * * *
You feel sick.
The goblin no longer looks unusually strong.
* * * LOW HITPOINT WARNING * * *
You feel sick.
The goblin unwields a +0 hunting sling.
The goblin wields a +0 club.
The goblin hits you with a +0 club.
Things that are here:
a +2 whip of venom; a +0 animal skin; a +0 helmet You puncture the goblin!
You kill the goblin!
You are too berserk!
You die...

# #..###)).......# .. #..#
#..######## .. #..# #..#
#. #.. #..# #..####
+..#..# #..###..##.#####
#..#..# #..............#
+.....###..###.###.##### .
#.[........# #.# #.#
..#.......##.# #@###.#####
..........##.###)........#
..................##.#####
##..................#
#.####..##.#######.# #
#...#.# #.# #.#.#.# #.#
.####.#.#.# #.#
..........### #.#


There were no monsters in sight!

Vanquished Creatures
  Robin (D:2)
  An adder (D:2)
  9 goblins
  5 hobgoblins
  A quokka (D:2)
  2 ball pythons (D:2)
  4 bats
  2 frilled lizards (D:1)
  2 kobolds
  A rat (D:2)
28 creatures vanquished.

Notes
Turn   | Place    | Note
-------+----------+-------------------------------------------
     0 | D:1      | juan097 the Vine Stalker Conjurer began the quest for the
                  | Orb.
     0 | D:1      | Reached XP level 1. HP: 9/9 MP: 4/4
   763 | D:1      | Reached XP level 2. HP: 13/13 MP: 3/6
   766 | D:1      | Learned a level 2 spell: Searing Ray
  1272 | D:2      | Reached XP level 3. HP: 16/16 MP: 4/8
  1421 | D:2      | Noticed Robin
  1448 | D:2      | Killed Robin
  1449 | D:2      | HP: 1/24 [poisoned by Robin]
  1451 | D:2      | Succumbed to Robin's poison

Illustrated notes

Levels and vault maps discovered:
D:1:      lightli_arrival_flooded_house, layout_basic
D:2:      layout_basic, uniq_crazy_yiuf_cottage, uniq_robin, uniq_terence

Skill      XL: |  1  2  3 |
---------------+----------+-----
Spellcasting   | 3 |  3.2
Dodging        | |  1.5
Stealth        | |  2.4
Conjurations   | |  4.7

Action                   || total
-------------------------++-------
Melee: Unarmed           ||     6
       Bite              ||     3
       Dagger            ||     5
 Fire: Hunting sling     ||     1
 Cast: Magic Dart        ||    46
       Searing Ray       ||     2
  Use: Potion            ||     1
Armor: Robe              ||     3
Dodge: Dodged            ||    10

Table legend: (Time is in decaauts)
 A = Elapsed time spent in this place.
 B = Non-inter-level travel time spent in this place.
 C = Inter-level travel time spent in this place.
 D = Time resting spent in this place.
 E = Time spent auto-exploring this place.
 F = Levels seen in this place.
 G = Mean time per level.
                   A        B        C        D        E       F      G
               +--------+--------+--------+--------+--------+-----+--------+
         Total |   1447 |   1400 |     47 |      0 |   1220 |   2 |  723.5 |
       Dungeon |   1447 |   1400 |     47 |      0 |   1220 |   2 |  723.5 |
               +--------+--------+--------+--------+--------+-----+--------+

Top non-repeatable levels by time:
     D:1: 859 daAuts
     D:2: 588 daAuts
